 Dungeon Crawl Stone Soup version 0.25.0-15-gac7dcb8919 (webtiles) character file.

Game seed: 9949402005882630551

85 Iscandelvey the Vexing (level 4, -1/34 HPs)
             Began as a Demonspawn Arcane Marksman on June 28, 2020.
             Slain by a centaur (5 damage)
             ... on level 3 of the Dungeon.
             The game lasted 00:04:48 (2404 turns).

Iscandelvey the Vexing (Demonspawn Arcane Marksman) Turns: 2404, Time: 00:04:50

Health: -1/34      AC:  3    Str: 10    XL:     4   Next: 25%
Magic:  3/5        EV: 12    Int: 15    God:
Gold:   84         SH:  0    Dex: 14    Spells: 2/5 levels left

rFire    + + .     SeeInvis .   t - +0 mace (vorpal)
rCold    + . .     Gourm    .   (no shield)
rNeg     . . .     Faith    .   n - +0 leather armour
rPois    .         Spirit   .   (no helmet)
rElec    .         Reflect  .   i - scarf {rC+ rF+}
rCorr    .         Harm     .   (no gloves)
MR       .....                  (no boots)
Stlth    ++........             l - amulet of the acrobat
HPRegen  0.11/turn              (no ring)
MPRegen  0.09/turn              (no ring)

@: no status effects
A: fire resistance 1, nightstalker 1
a: no special abilities


You were on level 3 of the Dungeon.
You were hungry.

You visited 1 branch of the dungeon, and saw 3 of its levels.

You collected 84 gold pieces.

Inventory:

Hand Weapons
 a - a +0 hunting sling
 t - a +0 vorpal mace (weapon)
Missiles
 b - 95 stones (quivered)
 d - 11 sling bullets
Armour
 e - a +0 robe
 i - a scarf of resistance (worn)
 n - a +0 leather armour (worn)
Jewellery
 l - an amulet of the acrobat (around neck)
Scrolls
 c - 2 scrolls of identify {unknown}
 g - 4 scrolls of teleportation {unknown}
 j - a scroll of immolation {unknown}
 k - a scroll of fear {unknown}
 p - a scroll of magic mapping {unknown}
 q - 2 scrolls of blinking {unknown}
 s - 3 scrolls of fog {unknown}
 w - a scroll of remove curse {unknown}
Potions
 h - a potion of berserk rage {unknown}
 m - 3 potions of curing {unknown}
 o - 2 potions of stabbing {unknown}
 r - a potion of heal wounds {unknown}
 u - a potion of flight {unknown}
 v - a potion of mutation {unknown}
 x - 2 potions of ambrosia {unknown}
Comestibles
 f - 6 rations
 z - 4 chunks of flesh


   Skills:
 * Level 2.9 Fighting
 - Level 2.0 Slings
 + Level 0.8 Armour
 + Level 2.0 Dodging
 + Level 0.8 Stealth
 + Level 1.0 Spellcasting
 + Level 3.5 Hexes


You had 2 spell levels left.
You knew the following spells:

 Your Spells              Type           Power        Failure   Level  Hunger
a - Corona                Hex            ##.....      8%          1    ##.....
b - Slow                  Hex            ##......     12%         2    ###....

Your spell library contained the following spells:

 Spells                   Type           Power        Failure   Level  Hunger
 Inner Flame              Hex/Fire       #.......     43%         3    ####...
 Portal Projectile        Hex/Tloc       #.....       43%         3    ####...
 Cause Fear               Hex            ##........   61%         4    #####..
 Leda's Liquefaction      Hex/Erth       #.........   85%         4    #####..


Dungeon Overview and Level Annotations

Branches:
Dungeon (3/15)

Altars:
Cheibriados
Ru

Annotations:
D:2 1 runed translucent door, Crazy Yiuf


Innate Abilities, Weirdness & Mutations

Your flesh is heat resistant. (rF+)
You are slightly more attuned to the shadows.


Message History

a +0 dagger; a kobold corpse The centaur shoots an arrow.
The arrow hits you!
* * * LOW HITPOINT WARNING * * *
You see here a cloak.
The centaur shoots an arrow.
The arrow completely misses you.
You see here an arrow.
You hit the centaur.
The centaur is moderately wounded.
The centaur unwields a +0 shortbow.
The centaur hits you.
* * * LOW HITPOINT WARNING * * *
Casting: Corona (safe; 8% risk of failure)
Confirm with . or Enter, or press ? or * to list all spells.
Aiming: Slow (safe; 12% risk of failure)
Press: ? - help, Shift-Dir - straight line, f/p - centaur
Aim: a centaur, quivering 17 arrows (moderately wounded, chance to defeat MR: 47%)
The centaur seems to slow down.
The centaur closely misses you.
You hit the centaur but do no damage.
The centaur is moderately wounded.
The centaur hits you.
You die...

#.........# #)#####
##........#####.#####
#...................
###.##.......###.###
#.########## #.#
###.######### #.#
#.(....#..... #.#
#.#[##(c(..# #.#
#.#@##.....# #.# #
#.c(....... ..# #
####.....#. # #.....#
# ..#..... ###
######## #.. #.# #..
####.


You could see a centaur (slow).

Vanquished Creatures
  2 adders (D:3)
  A shadow imp (D:3)
  A dart slug (D:1)
  2 leopard geckos
  An orc (D:3)
  A ball python (D:2)
  A giant cockroach (D:2)
  8 goblins
  4 hobgoblins
  2 jackals (D:1)
  7 kobolds
  2 quokkas
  7 bats
  8 frilled lizards
  9 rats
56 creatures vanquished.

Notes
Turn   | Place    | Note
-------+----------+-------------------------------------------
     0 | D:1      | Iscandelvey the Demonspawn Arcane Marksman began the quest
                  | for the Orb.
     0 | D:1      | Reached XP level 1. HP: 15/15 MP: 2/2
   224 | D:1      | Gained mutation: You are slightly more attuned to the
                  | shadows. [demonic ancestry]
   224 | D:1      | Reached XP level 2. HP: 20/21 MP: 3/3
   805 | D:2      | Learned a level 2 spell: Slow
   923 | D:2      | Reached XP level 3. HP: 27/27 MP: 4/4
  1203 | D:2      | Found a sacrificial altar of Ru.
  1490 | D:2      | Found a runed translucent door.
  1492 | D:2      | Noticed Crazy Yiuf
  1933 | D:3      | Gained mutation: Your flesh is heat resistant. (rF+)
                  | [demonic ancestry]
  1933 | D:3      | Reached XP level 4. HP: 28/34 MP: 5/5
  2198 | D:3      | Found a snail-covered altar of Cheibriados.
  2390 | D:3      | Noticed a centaur
  2404 | D:3      | Slain by a centaur

Illustrated notes

Levels and vault maps discovered:
D:1:      dpeg_arrival_rooms_b, layout_basic
D:2:      wander_river, layout_basic, nicolae_ru_the_path_less_chosen,
          uniq_crazy_yiuf_cottage
D:3:      layout_loops_cross, nicolae_overflow_crystal_walls

Skill      XL: |  1  2  3 |
---------------+----------+-----
Slings         | 2 |  2.0
Dodging        | 2 |  2.0
Fighting       | 2 |  2.9
Armour         | |  0.8
Stealth        | |  0.8
Spellcasting   | |  1.0
Hexes          | |  3.5

Action                   |  1- 3 |  4- 6 || total
-------------------------+-------+-------++-------
Melee: Mace              |       |     2 ||     2
 Fire: Hunting sling     |   141 |    29 ||   170
 Cast: Slow              |     1 |     1 ||     2
       Corona            |     1 |       ||     1
  Eat: Chunk             |     3 |     1 ||     4
Armor: Robe              |     3 |       ||     3
       Leather armour    |     2 |     4 ||     6
Dodge: Dodged            |    36 |    10 ||    46
